 Dungeon Crawl Stone Soup version 0.23-a0-644-gb60d84b635 (webtiles) character file.

3851 HereIgoKillingAgain the Carver (level 9, -6/61 HPs)
             Began as a Demonspawn Gladiator on Jan 1, 2019.
             Was an Elder of Qazlal.
             Mangled by a centaur warrior
             ... wielding the cursed +1 broad axe "Laoraremud" {speed, rElec rPois rF+ MR-}
              (10 damage)
             ... on level 8 of the Dungeon.
             The game lasted 00:08:44 (8306 turns).

HereIgoKillingAgain the Carver (DsGl)               Turns: 8306, Time: 00:08:45

Health: -6/61      AC: 11    Str: 14    XL:     9   Next: 99%
Magic:  12/16      EV: 18    Int: 15    God:    Qazlal [****..]
Gold:   627        SH:  5    Dex: 20    Spells: 8/8 levels left

rFire    . . .     SeeInvis .   a - +4 long sword
rCold    . . .     Gourm    .   (no shield)
rNeg     . . .     Faith    .   b - +0 leather armour
rPois    .         Spirit   .   c - +0 helmet
rElec    .         Reflect  .   w - +0 cloak
rCorr    .         Harm     .   (no gloves)
MR       .....                  (no boots)
Stlth    ++........             m - amulet of the acrobat
HPRegen  0.20/turn              (no ring)
MPRegen  0.15/turn              B - +2 ring of intelligence

@: agile, repel missiles
A: talons 1, iridescent scales 3, powered by pain 1
a: Upheaval, Elemental Force, Renounce Religion


You were on level 8 of the Dungeon.
You worshipped Qazlal.
Qazlal was greatly pleased with you.
You were not hungry.

You visited 1 branch of the dungeon, and saw 8 of its levels.
You also visited: Sewer.

You collected 627 gold pieces.

Inventory:

Hand Weapons
 a - a +4 long sword (weapon)
Missiles
 d - 5 throwing nets (quivered)
Armour
 b - a +0 leather armour (worn)
 c - a +0 helmet (worn)
 w - a +0 cloak (worn)
Jewellery
 m - an amulet of the acrobat (around neck)
 B - a +2 ring of intelligence (right hand)
Wands
 e - a wand of random effects (15)
 j - a wand of flame (18)
 q - a wand of iceblast (6)
 y - a wand of enslavement (5)
 E - a wand of scattershot (3)
Scrolls
 g - 3 scrolls of remove curse
 h - 2 scrolls of identify
 l - a scroll of enchant armour {unknown}
 r - a scroll of enchant weapon
 x - 2 scrolls of amnesia
 A - 3 scrolls of magic mapping
Potions
 i - 2 potions of ambrosia
 k - a potion of cancellation
 n - 6 potions of curing
 o - a potion of resistance
 p - 3 potions of heal wounds
 s - a potion of might
 t - a potion of haste
 u - 3 potions of mutation {unknown}
 z - a potion of magic {unknown}
 C - a potion of berserk rage {unknown}
 D - a potion of agility {unknown}
Comestibles
 f - 7 rations


   Skills:
 - Level 2.0 Fighting
 * Level 11.1 Long Blades
 - Level 1.7 Throwing
 - Level 2.6 Dodging
 + Level 10.4 Invocations


You had 8 spell levels left.
You didn't know any spells.
Your spell library contained the following spells:

 Spells                   Type           Power        Failure   Level  Hunger
 Corona                   Hex            #......      34%         1    ##.....
 Summon Small Mammal      Summ           #...         34%         1    ##.....
 Call Imp                 Summ           #.......     45%         2    ###....
 Ensorcelled Hibernation  Hex/Ice        #.....       45%         2    ###....
 Call Canine Familiar     Summ           #.......     71%         3    ####...
 Confuse                  Hex            #.......     71%         3    ####...
 Dazzling Spray           Conj/Hex       #.....       71%         3    ####...
 Summon Guardian Golem    Hex/Summ       #.......     71%         3    ####...
 Tukima's Dance           Hex            #.......     71%         3    ####...
 Summon Ice Beast         Ice/Summ       #.......     98%         4    #####..
 Summon Lightning Spire   Summ/Air       #.......     98%         4    #####..


Dungeon Overview and Level Annotations

Branches:
Dungeon (8/15)             Temple (0/1) D:6
   Lair: D:8-11

Altars:
Okawaru
Qazlal
Ru
Xom

Shops:
D:7 *


Innate Abilities, Weirdness & Mutations

You have sharp toenails.
You are completely covered in iridescent scales. (AC +6)
You sometimes gain a little power by taking damage.


Message History

The centaur warrior is engulfed in blazing flames.
Evoke which item? (* to show all) (? for menu, Esc to quit)
Aiming: Scattershot
Press: ? - help, Shift-Dir - straight line, f/p - centaur warrior
Aim: a centaur warrior, wielding the +1 broad axe "Laoraremud" {speed, rElec The burst of metal fragments hits the centaur warrior. x3
The centaur warrior is severely wounded.
The centaur warrior hits you with the cursed +1 broad axe "Laoraremud" {speed, Evoke which item? (* to show all) (? for menu, Esc to quit)
Aiming: Scattershot
Press: ? - help, Shift-Dir - straight line, f/p - centaur warrior
Aim: a centaur warrior, wielding the +1 broad axe "Laoraremud" {speed, rElec The burst of metal fragments hits the centaur warrior. x3
The centaur warrior is severely wounded.
The centaur warrior hits you with the cursed +1 broad axe "Laoraremud" {speed,
* * * LOW HITPOINT WARNING * * *
You focus on the pain.
You feel agile all of a sudden.
The centaur warrior hits you with the cursed +1 broad axe "Laoraremud" {speed, You die...

#.## #...#
##...##
#.....#
##?....##
#.......#
##.......##
#.....)...#
##@c.......#
#.#†#######.#
.. #.##..
#....
##.#####
..... #...#
##..... #.
###.###
#.....# #.
#.....#
##.#...# #.
####.####
#....... #.
#.......# #
##.......


You could see a centaur warrior.

Vanquished Creatures
  Harold (D:7)
  Grinder (D:4)
  A hippogriff (D:7)
  A wyvern (D:8)
  Eustachio (D:5)
  Edmund (D:5)
  A sky beast (D:6)
  A black bear (D:7)
  An orc warrior (D:6)
  An ice beast (D:7)
  A centaur (D:7)
  A gnoll sergeant (D:6)
  3 bullfrogs
  A water moccasin zombie (D:6)
  A water moccasin skeleton (D:8)
  3 scorpions
  8 howler monkeys
  2 crimson imps (D:8)
  A quasit (D:8)
  A bullfrog skeleton (D:4)
  3 hounds
  A jelly (D:7)
  5 orc priests
  7 orc wizards
  2 iguanas
  Ijyb (D:3)
  3 worker ants
  A worker ant zombie (D:5)
  4 gnolls (D:6)
  12 adders
  A river rat (D:3)
  2 shadow imps
  An ooze (D:3)
  5 worms
  3 dart slugs
  5 leopard geckos
  32 orcs
  2 ball pythons (Sewer)
  6 giant cockroaches
  16 goblins
  5 hobgoblins
  6 jackals
  3 quokkas
  6 bats
  9 frilled lizards
  5 kobolds
  2 leopard gecko skeletons
  A leopard gecko zombie (D:8)
  13 rats
194 creatures vanquished.

Notes
Turn   | Place    | Note
-------+----------+-------------------------------------------
     0 | D:1      | HereIgoKillingAgain the Demonspawn Gladiator began the
                  | quest for the Orb.
     0 | D:1      | Reached XP level 1. HP: 16/16 MP: 1/1
    70 | D:1      | Reached skill level 3 in Long Blades
   273 | D:1      | Gained mutation: You are partially covered in iridescent
                  | scales. (AC +2) [demonic ancestry]
   273 | D:1      | Reached XP level 2. HP: 12/22 MP: 2/2
   724 | D:1      | Gained mutation: You are mostly covered in iridescent
                  | scales. (AC +4) [demonic ancestry]
   724 | D:1      | Reached XP level 3. HP: 21/27 MP: 3/3
  1049 | D:2      | Found a stormy altar of Qazlal.
  1051 | D:2      | Noticed an earth elemental
  1065 | D:2      | Noticed a water elemental
  1066 | D:2      | Noticed an air elemental
  1066 | D:2      | Noticed a fire elemental
  1174 | D:2      | Became a worshipper of Qazlal Stormbringer
  1271 | D:2      | Reached skill level 4 in Long Blades
  1477 | D:2      | Reached skill level 1 in Invocations
  1665 | D:2      | Found a shimmering altar of Xom.
  2223 | D:3      | Reached XP level 4. HP: 33/33 MP: 5/5
  2288 | D:3      | Reached * piety under Qazlal
  2366 | D:3      | Noticed Ijyb
  2395 | D:3      | Killed Ijyb
  2421 | D:3      | Gained mutation: You sometimes gain a little power by
                  | taking damage. [demonic ancestry]
  2421 | D:3      | Reached XP level 5. HP: 15/38 MP: 6/6
  2705 | D:3      | Found a glowing drain.
  2727 | D:3      | Reached skill level 5 in Long Blades
  2728 | Sewer    | Entered a sewer
  3939 | D:4      | Reached ** piety under Qazlal
  3947 | D:4      | HP: 1/38 [scorpion (8)]
  4389 | D:4      | Gained mutation: You have sharp toenails. [demonic
                  | ancestry]
  4389 | D:4      | Reached XP level 6. HP: 27/44 MP: 8/8
  4767 | D:4      | Noticed Grinder
  4781 | D:4      | Killed Grinder
  4781 | D:4      | Reached skill level 6 in Long Blades
  4781 | D:4      | Reached XP level 7. HP: 34/50 MP: 8/10
  5105 | D:4      | Reached skill level 5 in Invocations
  5269 | D:5      | Entered Level 5 of the Dungeon
  5422 | D:5      | Noticed Eustachio
  5432 | D:5      | Killed Eustachio
  5432 | D:5      | Reached skill level 7 in Long Blades
  5443 | D:5      | Found a sacrificial altar of Ru.
  5443 | D:5      | Noticed Edmund
  5452 | D:5      | HP: 1/50 [Edmund/+2 flail of holy wrath (14)]
  5469 | D:5      | Killed Edmund
  6072 | D:6      | Reached XP level 8. HP: 56/56 MP: 12/12
  6121 | D:6      | Found a staircase to the Ecumenical Temple.
  6184 | D:6      | Reached *** piety under Qazlal
  6205 | D:6      | Reached skill level 8 in Long Blades
  6582 | D:6      | Found an iron altar of Okawaru.
  6862 | D:7      | Noticed Harold
  6878 | D:7      | Killed Harold
  6878 | D:7      | Reached skill level 9 in Long Blades
  6878 | D:7      | Gained mutation: You are completely covered in iridescent
                  | scales. (AC +6) [demonic ancestry]
  6878 | D:7      | Reached XP level 9. HP: 33/61 MP: 13/15
  7146 | D:7      | Reached skill level 10 in Long Blades
  7388 | D:7      | Found Tegi's Assorted Antiques.
  7994 | D:8      | Reached skill level 10 in Invocations
  8085 | D:8      | Reached skill level 11 in Long Blades
  8128 | D:8      | Reached **** piety under Qazlal
  8299 | D:8      | Identified the cursed +1 broad axe "Laoraremud" {speed,
                  | rElec rPois rF+ MR-}
  8299 | D:8      | Identified the +3 troll leather armour "Feots" {Regen+
                  | Str+4 Int+2}
  8299 | D:8      | Noticed a centaur warrior
  8306 | D:8      | Mangled by a centaur warrior

Vault maps used:
D:1:      dpeg_arrival_fog
D:2:      nicolae_qazlal_style_of_elements, minmay_misc_feat_iff, tgw_xom
D:3:      kennysheep_goblin_castle, portal_sewer_entry_c
D:4:      serial_forest, infiniplex_forest_clump_large,
          infiniplex_forest_lined_3, infiniplex_forest_clump_long,
          infiniplex_forest_straight_2, infiniplex_forest_clump_tiny,
          infiniplex_forest_diagonal, infiniplex_forest_clump_small,
          first_ration, uniq_grinder
D:5:      basic_altar, uniq_eustachio, uniq_edmund
D:6:      minmay_temple_entry_crystal_x, kennysheep_okawaru_gauntlet
D:7:      serial_shops, nicolae_shop_overgrown_old_shop, uniq_harold
D:8:      minmay_the_grid_triangle_9x9_rhombus_thin, lair_entry_dummy
Sewer:    sewer_co_cracked_pipes

Skill      XL: |  1  2  3  4  5  6  7  8  9 |
---------------+----------------------------+-----
Long Blades    | 3 4 5 6 7 9 11 | 11.1
Invocations    | 1 2 3 4 6 8 10 | 10.4
Fighting       | |  2.0
Throwing       | |  1.7
Dodging        | |  2.6

Action                   |  1- 3 |  4- 6 |  7- 9 || total
-------------------------+-------+-------+-------++-------
Melee: Long sword        |   112 |   198 |   334 ||   644
       Kick              |       |     8 |   103 ||   111
Throw: Throwing net      |       |       |     2 ||     2
Invok: Upheaval          |       |       |     4 ||     4
Evoke: Wand              |       |     1 |     5 ||     6
  Use: Potion            |       |     2 |     3 ||     5
       Scroll            |       |       |    13 ||    13
 Stab: Held in net/web   |       |       |     1 ||     1
  Eat: Chunk             |     2 |       |     2 ||     4
       Ration            |     1 |     2 |     3 ||     6
Armor: Leather armour    |    38 |    81 |   137 ||   256
Dodge: Dodged            |    78 |   186 |   182 ||   446
Block: Other             |       |     8 |    39 ||    47
       Rpst.: Long sword |    25 |    59 |    49 ||   133

Table legend:
 A = Non-vault XP
 B = Vault XP
 C = Vault XP percentage of total XP
 D = Non-vault monster count
 E = Vault monster count
 F = Vault count percentage of total count
                 A         B        C        D         E       F
            +---------+---------+-------+---------+---------+-------
      Total |    3569 |    1933 |  35.1 |     152 |      42 |  21.6
            +---------+---------+-------+---------+---------+-------
        D:1 |      44 |       0 |   0.0 |      23 |       0 |   0.0
        D:2 |      41 |       0 |   0.0 |      15 |       0 |   0.0
        D:3 |      77 |      93 |  54.7 |      16 |      18 |  52.9
        D:4 |     268 |     258 |  49.0 |      13 |       1 |   7.1
        D:5 |     185 |     378 |  67.1 |      11 |       2 |  15.4
        D:6 |     943 |       0 |   0.0 |      31 |       0 |   0.0
        D:7 |    1130 |    1034 |  47.8 |      23 |       1 |   4.2
        D:8 |     881 |     128 |  12.7 |      20 |       5 |  20.0
      Sewer |       0 |      42 | 100.0 |       0 |      15 | 100.0
            +---------+---------+-------+---------+---------+-------
